 Dungeon Sprint DCSS version 0.23.2-33-g5129a83184 (webtiles) character file.

Game seed: 6322254046431413055

16961412 wilfster70 the End of an Era (level 22, 256/256 HPs)
             Began as a Hill Orc Fighter on June 27, 2019.
             Was the Champion of Qazlal.
             Escaped with the Orb
             ... and 5 runes!
             The game lasted 00:37:26 (9587 turns).

wilfster70 the End of an Era (Hill Orc Fighter)     Turns: 9587, Time: 00:37:27

Health: 256/256    AC: 35    Str: 27    XL:     22   Next: 6%
Magic:  53/53      EV: 17    Int: 10    God:    Qazlal [******]
Gold:   416        SH: 36    Dex: 10    Spells: 75/75 levels left

rFire    + . .     SeeInvis .   a - +6 broad axe (freeze)
rCold    + + .     Gourm    .   q - +1 large shield
rNeg     + . .     Faith    .   H - +2 gold dragon scales
rPois    +         Spirit   +   y - +2 helmet
rElec    .         Reflect  .   o - +2 cloak
rCorr    .         Harm     .   (no gloves)
MR       ++...     NoTele   +   p - +2 pair of boots
Stlth    ..........             K - amulet "Suwkei" {Spirit rN+}
HPRegen  0.52/turn              z - ring of protection from cold
MPRegen  0.33/turn              B - ring of protection from magic

@: repel missiles
A: fangs 1, deformed body, robust 1, subdued magic 1
0: Orb of Zot
}: 5/17 runes: decaying, serpentine, barnacled, silver, gossamer
a: Upheaval, Elemental Force, Disaster Area, Renounce Religion


You escaped.
You worshipped Qazlal.
Qazlal was exalted by your worship.
You were not hungry.

You visited 1 branch You collected 1935 gold pieces.
You spent 1519 gold pieces at shops.

Inventory:

Hand Weapons
 a - a +6 broad axe of freezing (weapon)
 b - a +2 scimitar of flaming
 x - the +10 scimitar "Xik Wakh" {venom, Str+8}
   (You found it in the Dungeon)

   It poisons the flesh of those it strikes.
   It affects your strength (+8).
 A - a +3 morningstar of protection
Armour
 o - a +2 cloak (worn)
 p - a +2 pair of boots (worn)
 q - a +1 large shield (worn)
 y - a +2 helmet (worn)
 H - +2 gold dragon scales (worn)
Jewellery
 r - an uncursed ring of wizardry
 z - a ring of protection from cold (left hand)
 B - a ring of protection from magic (right hand)
 E - an uncursed amulet of regeneration
 F - an uncursed ring of see invisible
 G - an uncursed ring of fire
 J - the ring "Cemeeq" {Ice rElec MR+ Str+3}
   (You found it in the Dungeon)

   [ring of ice]

   It enhances your ice magic.
   It affects your strength (+3).
   It makes you vulnerable to fire.
   It protects you from cold.
   It insulates you from electricity.
   It affects your resistance to hostile enchantments.
 K - the amulet "Suwkei" (around neck) {Spirit rN+}
   (You found it in the Dungeon)

   [amulet of guardian spirit]

   It causes incoming damage to be split between your health and magic.
   It protects you from negative energy.
 L - the ring of Incredulity {Int+3 Dex+4 Slay+2 Stlth-}
   (You found it in the Dungeon)

   [ring of intelligence]

   It affects your intelligence (+3).
   It affects your dexterity (+4).
   It affects your accuracy and damage with ranged weapons and melee attacks
   (+2).
   It makes you less stealthy.
 M - the ring of Pasmacee {Ice Int+3}
   (You found it in the Dungeon)

   [ring of ice]

   It enhances your ice magic.
   It affects your intelligence (+3).
   It makes you vulnerable to fire.
   It protects you from cold.
 N - the amulet of Immorality {RegenMP +Inv +Fly Int+6 Slay-2}
   (You found it in the Dungeon)

   [amulet of magic regeneration]

   It increases your magic regeneration.
   It affects your intelligence (+6).
   It affects your accuracy and damage with ranged weapons and melee attacks
   (-2).
   It lets you turn invisible.
   It lets you fly.
 Q - an uncursed ring of protection from magic
 S - an uncursed ring of poison resistance {unknown}
Wands
 n - a wand of acid (10)
 w - a wand of clouds (9)
 R - a wand of paralysis (9)
Scrolls
 j - 2 scrolls of fog
 k - 4 scrolls of blinking
 l - 8 scrolls of remove curse
 m - 2 scrolls of amnesia
 v - 5 scrolls of fear
 C - 3 scrolls of identify
Potions
 c - 5 potions of agility
 d - a potion of brilliance
 e - 10 potions of curing
 g - a potion of invisibility
 h - a potion of might
 i - 4 potions of magic
 s - 3 potions of heal wounds
 t - 2 potions of mutation
 u - 2 potions of resistance
 O - a potion of cancellation
 P - a potion of haste
Miscellaneous
 D - a box of beasts
 I - a lightning rod (4/4)
Comestibles
 f - 9 rations


   Skills:
 O Level 27 Fighting
 - Level 14.0 Long Blades
 + Level 25.7 Axes
 O Level 27 Armour
 O Level 27 Dodging
 O Level 27 Shields
 O Level 27 Spellcasting
 O Level 27 Invocations
 O Level 27 Evocations


You had 75 spell levels left.
You didn't know any spells.
Your spell library was empty.

Dungeon Overview and Level Annotations

Branches:
Dungeon (1/1)

Altars:
Cheibriados
Dithmenos
Elyvilon
Fedhas
Gozag
Hepliaklqana
Kikubaaqudgha
Makhleb
Nemelex Xobeh
Okawaru
Qazlal
Ru
Sif Muna
Trog
Uskayaw
Vehumet
Wu Jian
Xom
Yredelemnul
Zin
The Shining One
Beogh
Jiyva
Lugonu

Shops:
D *(?(


Innate Abilities, Weirdness & Mutations

You have very sharp teeth.
Armour fits poorly on your strangely shaped body.
You are robust. (+10% HP)
Your spells are a little easier to cast, but a little less powerful.


Message History

A torturous demonspawn comes into view. It is wielding a +0 great sword.
The torturous demonspawn shouts!
You block the torturous demonspawn's attack.
There is an open door, spattered with blood here.
You see here a +0 giant spiked club.
You slice the torturous demonspawn!! You freeze the torturous demonspawn!
The torturous demonspawn is almost dead.
You block the torturous demonspawn's attack.
You hit the torturous demonspawn. You freeze the torturous demonspawn.
The torturous demonspawn is almost dead.
You hit the torturous demonspawn. You freeze the torturous demonspawn.
You kill the torturous demonspawn!
Qazlal accepts your kill.
Things that are here:
a +0 great sword; a +0 ring mail
There is an open door to the Dungeon here.
Things that are here:
a +0 dagger; a +2 short sword of electrocution
There is a staircase leading out of the dungeon here.
You have escaped!

▓▓▓▓▓▓▓▓▓▓▓▓▓▓▓▓▓▓
▓@▓...▓...▓...▓...
▓.▓.▓.▓.▓.▓.▓.▓.▓.
▓.▓.▓.▓.▓.▓.▓.▓.▓.
▓.▓.▓.▓.▓.▓.▓.▓.▓.
▓)▓.▓.▓.▓.▓.▓.▓.▓.
▓.▓.▓.▓.▓.▓.▓.▓.▓.
▓.▓.▓.▓.▓[▓.▓.▓.▓.
▓.▓.▓'▓.▓.▓.▓.▓.▓.
▓.▓.▓.▓.▓.▓.▓.▓.▓.


There were no monsters in sight!

Vanquished Creatures
  6 ancient liches (D)
  3 orbs of fire (D)
  Mennas (D)
  Mara (D)
  A juggernaut (D)
  Saint Roka (D)
  5 pandemonium lords (D)
  Xtahua (D)
  4 golden dragons (D)
  A bone dragon (D)
  3 electric golems (D)
  A Brimstone Fiend (D)
  9 tentacled monstrosities (D)
  Rupert (D)
  31 Orb Guardians (D)
  4 liches (D)
  6 quicksilver dragons (D)
  Agnes (D)
  2 Executioners (D)
  2 sphinxes (D)
  11 shadow dragons (D)
  A tengu reaver (D)
  A death cob (D)
  5 storm dragons (D)
  A draconian monk (D)
  2 fire giants (D)
  5 nagarajas (D)
  Ilsuiw (D)
  2 ghost moths (D)
  A frost giant (D)
  2 draconian scorchers (D)
  6 emperor scorpions (D)
  A draconian shifter (D)
  A cacodemon (D)
  A spriggan defender (D)
  An ironheart preserver (D)
  2 draconian annihilators (D)
  5 stone giants (D)
  2 reapers (D)
  4 very ugly things (D)
  A vampire knight (D)
  A green draconian (D)
  5 black draconians (D)
  3 white draconians (D)
  2 red draconians (D)
  3 purple draconians (D)
  2 spark wasps (D)
  A yellow draconian (D)
  Snorg (D)
  A blizzard demon (D)
  A green death (D)
  3 merfolk javelineers (D)
  Josephine (D)
  3 merfolk impalers (D)
  2 ettins (D)
  3 yaktaur captains (D)
  5 ogre magi (D)
  5 fire dragons (D)
  2 rakshasas (D)
  5 great orbs of eyes (D)
  25 vault guards (D)
  A monstrous demonspawn (D)
  A naga warrior (D)
  9 hydras (D)
  2 ice dragons (D)
  4 centaur warriors (D)
  4 merfolk avatars (D)
  An anaconda (D)
  4 merfolk aquamancers (D)
  A death yak (D)
  3 spriggan berserkers (D)
  A deep elf knight (D)
  A soul eater (D)
  A skeletal warrior (D)
  A sun demon (D)
  A salamander mystic (D)
  A sixfirhy (D)
  A spriggan druid (D)
  A torturous demonspawn (D)
  2 gelid demonspawn (D)
  A shadow demon (D)
  7 swamp dragons (D)
  5 deep trolls (D)
  5 orc knights (D)
  An ironbrand convoker (D)
  4 wolf spiders (D)
  2 necromancers (D)
  An orc sorcerer (D)
  3 ugly things (D)
  A faun (shapeshifter) (D)
  2 orb spiders (D)
  9 moths of wrath (D)
  A deep elf mage (D)
  2 cyclopes (D)
  2 large abominations (D)
  Maurice (D)
  2 black mambas (D)
  6 naga magi (D)
  2 rust devils (D)
  A smoke demon (D)
  A merfolk siren (D)
  3 vault sentinels (D)
  A water nymph (D)
  6 guardian serpents (D)
  2 freezing wraiths (D)
  4 spiny frogs (D)
  4 yaktaurs (D)
  A tengu conjurer (D)
  A komodo dragon (D)
  A demonic crawler (D)
  A merfolk (D)
  4 trolls (D)
  A meliai (shapeshifter) (D)
  A hornet (D)
  A jumping spider (D)
  3 slime creatures (D)
  A bog body (D)
  A blink frog (D)
  3 snapping turtles (D)
  3 redbacks (D)
  A yak (D)
  A water elemental (D)
  4 golden eyes (D)
  A basilisk (D)
  5 wraiths (D)
  A human (shapeshifter) (D)
  Grum (D)
  A steam dragon (D)
  A vampire mosquito (D)
  A chaos spawn (D)
  An insubstantial wisp (D)
  4 wargs (D)
  An acid dragon (D)
  3 porcupines (D)
  A water moccasin (D)
  3 hell hounds (D)
  A swamp drake (D)
  10 orc warriors (D)
  2 eyes of draining (D)
  An ogre (D)
  A necrophage (D)
  5 wolves (D)
  A centaur (shapeshifter) (D)
  2 crocodiles (D)
  3 bullfrogs (D)
  2 crimson imps (D)
  5 orc priests (D)
  5 orc wizards (D)
  A shadow imp (D)
  An adder skeleton (D)
  An adder zombie (D)
  An adder simulacrum (D)
  A leopard gecko (D)
  9 orcs (D)
  A bat skeleton (D)
  A goblin (D)
  2 hobgoblins (D)
  2 frilled lizards (D)
  A giant cockroach zombie (D)
  2 kobolds (D)
446 creatures vanquished.

Vanquished Creatures (others)
  A pandemonium lord (D)
  A spatial maelstrom (D)
  A deep troll (D)
  A shadow demon (D)
  A hellion (D)
5 creatures vanquished.

Grand Total: 451 creatures vanquished

Notes
Turn   | Place    | Note
-------+----------+-------------------------------------------
     0 | D        | wilfster70 the Hill Orc Fighter began the quest for the
                  | Orb.
     0 | D        | Reached XP level 1. HP: 19/19 MP: 1/1
     6 | D        | Banished a spatial maelstrom
    79 | D        | Noticed a crimson imp
    79 | D        | Noticed an ogre
    99 | D        | Killed a crimson imp
    99 | D        | Reached skill level 5 in Axes
    99 | D        | Reached skill level 1 in Dodging
    99 | D        | Reached XP level 2. HP: 23/28 MP: 2/2
    99 | D        | Reached XP level 3. HP: 29/35 MP: 3/3
   112 | D        | Killed an ogre
   112 | D        | Reached skill level 5 in Fighting
   112 | D        | Reached skill level 5 in Armour
   112 | D        | Reached skill level 5 in Shields
   112 | D        | Reached XP level 4. HP: 23/44 MP: 4/4
   112 | D        | Reached XP level 5. HP: 26/50 MP: 5/5
   308 | D        | Found a roughly hewn altar of Beogh.
   308 | D        | Found a snail-covered altar of Cheibriados.
   308 | D        | Found a shadowy altar of Dithmenos.
   308 | D        | Found a white marble altar of Elyvilon.
   308 | D        | Found a blossoming altar of Fedhas.
   308 | D        | Found an opulent altar of Gozag.
   309 | D        | Found a hazy altar of Hepliaklqana.
   310 | D        | Found a viscous altar of Jiyva.
   311 | D        | Found an ancient bone altar of Kikubaaqudgha.
   312 | D        | Found a corrupted altar of Lugonu.
   313 | D        | Found a burning altar of Makhleb.
   314 | D        | Found a sparkling altar of Nemelex Xobeh.
   315 | D        | Found an iron altar of Okawaru.
   316 | D        | Found a stormy altar of Qazlal.
   317 | D        | Found a sacrificial altar of Ru.
   318 | D        | Found a deep blue altar of Sif Muna.
   319 | D        | Found a bloodstained altar of Trog.
   320 | D        | Found a hide-covered altar of Uskayaw.
   321 | D        | Found a radiant altar of Vehumet.
   322 | D        | Found an ornate altar of the Wu Jian Council.
   323 | D        | Found a shimmering altar of Xom.
   324 | D        | Became a worshipper of Qazlal Stormbringer
   325 | D        | Found a basalt altar of Yredelemnul.
   326 | D        | Found a glowing silver altar of Zin.
   327 | D        | Found a glowing golden altar of the Shining One.
   378 | D        | Noticed an orc warrior
   378 | D        | Noticed a crocodile
   378 | D        | Noticed a wraith
   378 | D        | Noticed a steam dragon
   389 | D        | Killed an orc warrior
   389 | D        | Reached XP level 6. HP: 41/60 MP: 6/6
   390 | D        | Reached * piety under Qazlal
   397 | D        | Reached skill level 10 in Axes
   402 | D        | Killed a wraith
   402 | D        | Reached XP level 7. HP: 33/68 MP: 7/7
   409 | D        | Killed a steam dragon
   409 | D        | Reached ** piety under Qazlal
   409 | D        | Reached skill level 5 in Dodging
   703 | D        | Noticed a troll
   703 | D        | Noticed a cyclops
   703 | D        | Noticed a troll
   707 | D        | Killed a troll
   709 | D        | Reached XP level 8. HP: 67/78 MP: 7/10
   713 | D        | Killed a cyclops
   717 | D        | Killed a troll
   717 | D        | Reached *** piety under Qazlal
   717 | D        | Reached skill level 5 in Invocations
   920 | D        | Got the +10 scimitar "Xik Wakh" {venom, Str+8}
   927 | D        | Noticed a spiny frog
   927 | D        | Noticed a spiny frog
   931 | D        | Noticed a komodo dragon
   933 | D        | Reached **** piety under Qazlal
   933 | D        | Reached skill level 10 in Fighting
   933 | D        | Reached skill level 1 in Long Blades
   933 | D        | Reached XP level 9. HP: 78/85 MP: 13/13
   943 | D        | Killed a spiny frog
   946 | D        | Killed a spiny frog
   953 | D        | Killed a komodo dragon
   953 | D        | Reached ***** piety under Qazlal
   953 | D        | Reached skill level 15 in Axes
   958 | D        | Reached skill level 10 in Armour
  1167 | D        | Noticed an eight-headed hydra
  1167 | D        | Noticed a death yak
  1171 | D        | Reached skill level 10 in Shields
  1171 | D        | Noticed a spiny frog
  1175 | D        | Noticed an eight-headed hydra
  1183 | D        | Killed a one-headed hydra
  1183 | D        | Reached skill level 5 in Long Blades
  1183 | D        | Reached XP level 10. HP: 38/96 MP: 14/16
  1184 | D        | Killed a spiny frog
  1191 | D        | Killed a death yak
  1204 | D        | HP: 4/97 [four-headed hydra (3)]
  1206 | D        | Killed a three-headed hydra
  1485 | D        | Reached ****** piety under Qazlal
  1655 | D        | Reached skill level 10 in Invocations
  1658 | D        | Reached XP level 11. HP: 100/104 MP: 18/18
  1715 | D        | Noticed an orc sorcerer
  1715 | D        | Noticed an orc knight
  1715 | D        | Noticed an orc knight
  1725 | D        | Killed an orc sorcerer
  1733 | D        | Killed an orc knight
  1735 | D        | Killed an orc knight
  2040 | D        | Found Dojipp's Assorted Antiques.
  2040 | D        | Noticed a deep troll
  2040 | D        | Noticed an ogre mage
  2040 | D        | Noticed a deep troll
  2040 | D        | Noticed a deep troll
  2041 | D        | Noticed an ogre mage
  2043 | D        | Noticed an ogre mage
  2045 | D        | Killed an ogre mage
  2051 | D        | Noticed a deep troll
  2055 | D        | Killed a deep troll
  2059 | D        | Killed a deep troll
  2061 | D        | Killed a deep troll
  2067 | D        | Killed an ogre mage
  2074 | D        | Killed a deep troll
  2076 | D        | Killed an ogre mage
  2083 | D        | Reached XP level 12. HP: 70/116 MP: 10/21
  2084 | D        | Found Sorauss's Weapon Shoppe.
  2094 | D        | Found Xiphav's Magic Scroll Emporium.
  2098 | D        | Found Joq Hohu's Weapon Shoppe.
  2102 | D        | Noticed an ettin
  2104 | D        | Noticed an ogre mage
  2110 | D        | Killed an ogre mage
  2111 | D        | Killed an ettin
  2111 | D        | Reached skill level 10 in Long Blades
  2111 | D        | Reached skill level 10 in Dodging
  2463 | D        | Bought a scroll of enchant armour for 97 gold pieces
  2463 | D        | Bought a scroll of blinking for 97 gold pieces
  2463 | D        | Bought a scroll of enchant armour for 97 gold pieces
  2463 | D        | Bought a scroll of enchant armour for 97 gold pieces
  2463 | D        | Bought a scroll of enchant weapon for 97 gold pieces
  2463 | D        | Bought a scroll of enchant armour for 97 gold pieces
  2463 | D        | Bought a scroll of identify for 26 gold pieces
  2465 | D        | Bought a +3 morningstar of protection for 218 gold pieces
  2467 | D        | Bought a coral ring for 90 gold pieces
  2467 | D        | Bought a scroll labeled HUFIJOW OTIKK for 18 gold pieces
  2467 | D        | Bought a scroll of blinking for 135 gold pieces
  2467 | D        | Bought a box of beasts for 360 gold pieces
  2467 | D        | Bought a triangular malachite amulet for 90 gold pieces
  2529 | D        | Noticed Josephine
  2546 | D        | Killed Josephine
  2579 | D        | Noticed Grum
  2601 | D        | Killed Grum
  2753 | D        | Noticed a centaur warrior
  2754 | D        | Noticed a centaur warrior
  2772 | D        | Noticed a spark wasp
  2773 | D        | Noticed a stone giant
  2779 | D        | Noticed a purple very ugly thing
  2787 | D        | Killed a centaur warrior
  2790 | D        | Killed a centaur warrior
  2794 | D        | Noticed a centaur warrior
  2803 | D        | Reached skill level 15 in Fighting
  2812 | D        | Killed a spark wasp
  2822 | D        | Killed a stone giant
  2834 | D        | Killed a purple very ugly thing
  2834 | D        | Reached XP level 13. HP: 82/127 MP: 9/23
  2984 | D        | Noticed Maurice
  2994 | D        | Killed Maurice
  3037 | D        | Reached skill level 15 in Shields
  3064 | D        | Reached skill level 15 in Invocations
  3129 | D        | Reached skill level 15 in Armour
  3445 | D        | Noticed Snorg
  3464 | D        | Killed Snorg
  3494 | D        | Noticed a great orb of eyes
  3494 | D        | Noticed a fire dragon
  3495 | D        | Noticed a frost giant
  3499 | D        | Killed a fire dragon
  3499 | D        | Reached XP level 14. HP: 140/140 MP: 26/26
  3500 | D        | Killed a frost giant
  3501 | D        | Noticed a spriggan defender
  3510 | D        | Killed a spriggan defender
  3518 | D        | Noticed a lich
  3535 | D        | Noticed a sphinx
  3544 | D        | Noticed a sphinx
  3558 | D        | Noticed a vampire knight
  3565 | D        | Killed a sphinx
  3565 | D        | Killed a vampire knight
  3577 | D        | Killed a lich
  3762 | D        | Noticed a stone giant
  3765 | D        | Noticed a stone giant
  3772 | D        | Killed a stone giant
  3775 | D        | Noticed a tengu reaver
  3777 | D        | Noticed an ironheart preserver
  3783 | D        | Killed a stone giant
  3797 | D        | Killed an ironheart preserver
  3797 | D        | Reached XP level 15. HP: 125/152 MP: 7/28
  3800 | D        | Killed a tengu reaver
  3953 | D        | Noticed Mennas
  3953 | D        | Noticed Agnes
  4042 | D        | Killed Agnes
  4042 | D        | Reached skill level 1 in Spellcasting
  4101 | D        | Noticed Saint Roka
  4138 | D        | Killed Saint Roka
  4150 | D        | Killed Mennas
  4513 | D        | Noticed an emperor scorpion
  4513 | D        | Noticed an emperor scorpion
  4513 | D        | Noticed an emperor scorpion
  4513 | D        | Noticed an emperor scorpion
  4513 | D        | Noticed an emperor scorpion
  4522 | D        | Killed an emperor scorpion
  4542 | D        | Killed an emperor scorpion
  4615 | D        | Killed an emperor scorpion
  4636 | D        | Killed an emperor scorpion
  4636 | D        | Reached skill level 5 in Spellcasting
  4679 | D        | Noticed a ghost moth
  4682 | D        | Killed a ghost moth
  4698 | D        | Killed an emperor scorpion
  4712 | D        | Noticed a ghost moth
  4717 | D        | Killed a ghost moth
  4728 | D        | Noticed an emperor scorpion
  4741 | D        | Killed an emperor scorpion
  4863 | D        | Got a gossamer rune of Zot
  4871 | D        | Noticed Ilsuiw
  4887 | D        | Killed Ilsuiw
  4887 | D        | Reached XP level 16. HP: 166/167 MP: 17/30
  4985 | D        | Got a barnacled rune of Zot
  4991 | D        | Noticed a nagaraja
  4991 | D        | Noticed a nagaraja
  4991 | D        | Noticed a nagaraja
  4992 | D        | Killed a nagaraja
  4992 | D        | Killed a nagaraja
  4996 | D        | Killed a nagaraja
  4996 | D        | Noticed a nagaraja
  5004 | D        | Noticed a nagaraja
  5005 | D        | Killed a nagaraja
  5015 | D        | Killed a nagaraja
  5032 | D        | Got a serpentine rune of Zot
  5102 | D        | Got a decaying rune of Zot
  5154 | D        | Noticed Xtahua
  5172 | D        | Killed Xtahua
  5298 | D        | Reached skill level 10 in Spellcasting
  5348 | D        | Reached XP level 17. HP: 181/181 MP: 26/33
  5444 | D        | Noticed a sphinx
  5444 | D        | Noticed a golden dragon
  5446 | D        | Killed a sphinx
  5446 | D        | Killed a golden dragon
  5498 | D        | Noticed a lich
  5507 | D        | Killed a lich
  5582 | D        | Noticed a quicksilver dragon
  5583 | D        | Noticed a golden dragon
  5584 | D        | Killed a quicksilver dragon
  5584 | D        | Killed a golden dragon
  5590 | D        | Reached skill level 27 in Invocations
  5728 | D        | Got a silver rune of Zot
  5785 | D        | Noticed Rupert
  5798 | D        | Killed Rupert
  5826 | D        | Got the ring "Cemeeq" {Ice rElec MR+ Str+3}
  5828 | D        | Got the amulet "Suwkei" {Spirit rN+}
  5832 | D        | Got the ring of Incredulity {Int+3 Dex+4 Slay+2 Stlth-}
  5834 | D        | Got the ring of Pasmacee {Ice Int+3}
  5836 | D        | Got the amulet of Immorality {RegenMP +Inv +Fly Int+6
                  | Slay-2}
  6091 | D        | Noticed Mara
  6093 | D        | Noticed wilfster70's illusion
  6102 | D        | Killed Mara
  6102 | D        | Reached skill level 5 in Evocations
  6125 | D        | Noticed a juggernaut
  6127 | D        | Noticed a tentacled monstrosity
  6127 | D        | Reached XP level 18. HP: 199/199 MP: 36/36
  6137 | D        | Reached skill level 27 in Fighting
  6137 | D        | Reached skill level 15 in Spellcasting
  6137 | D        | Killed a tentacled monstrosity
  6137 | D        | Killed a juggernaut
  6229 | D        | Reached skill level 10 in Evocations
  6230 | D        | Noticed a bone dragon
  6232 | D        | Killed a bone dragon
  6295 | D        | Noticed a tentacled monstrosity
  6303 | D        | Killed a tentacled monstrosity
  6311 | D        | Reached skill level 27 in Armour
  6336 | D        | Noticed an electric golem
  6355 | D        | Reached skill level 15 in Evocations
  6378 | D        | Killed an electric golem
  6516 | D        | Noticed a quicksilver dragon
  6516 | D        | Noticed a tentacled monstrosity
  6516 | D        | Noticed a tentacled monstrosity
  6518 | D        | Killed a tentacled monstrosity
  6518 | D        | Killed a tentacled monstrosity
  6518 | D        | Killed a quicksilver dragon
  6524 | D        | Killed a quicksilver dragon
  6527 | D        | Reached XP level 19. HP: 207/207 MP: 34/41
  6577 | D        | Noticed a tentacled monstrosity
  6577 | D        | Noticed a tentacled monstrosity
  6580 | D        | Killed a tentacled monstrosity
  6588 | D        | Killed a tentacled monstrosity
  6821 | D        | Noticed a golden dragon
  6826 | D        | Killed a golden dragon
  6826 | D        | Reached skill level 27 in Evocations
  6915 | D        | Noticed an ancient lich
  6934 | D        | Killed an ancient lich
  6934 | D        | Reached skill level 15 in Dodging
  6934 | D        | Reached skill level 27 in Shields
  6937 | D        | Noticed an orb of fire
  6954 | D        | Gained mutation: Your body sometimes deteriorates upon
                  | taking damage. [an orb of fire]
  6954 | D        | Gained mutation: Your spells are a little easier to cast,
                  | but a little less powerful. [an orb of fire]
  6960 | D        | Gained mutation: Potions are less effective at restoring
                  | your health. [an orb of fire]
  6962 | D        | Gained mutation: You occasionally shout uncontrollably at
                  | your foes. [an orb of fire]
  6963 | D        | Killed an orb of fire
  6963 | D        | Reached XP level 20. HP: 140/216 MP: 30/42
  6965 | D        | Lost mutation: You occasionally shout uncontrollably at
                  | your foes. [potion of mutation]
  6965 | D        | Lost mutation: Potions are less effective at restoring your
                  | health. [potion of mutation]
  6965 | D        | Lost mutation: Your body sometimes deteriorates upon taking
                  | damage. [potion of mutation]
  6965 | D        | Gained mutation: You are robust. (+10% HP) [potion of
                  | mutation]
  6965 | D        | Gained mutation: Your spells are easier to cast, but less
                  | powerful. [potion of mutation]
  6965 | D        | Gained mutation: You have very sharp teeth. [potion of
                  | mutation]
  6965 | D        | Lost mutation: Your spells are easier to cast, but less
                  | powerful. [potion of mutation]
  7147 | D        | Noticed an electric golem
  7170 | D        | Killed an electric golem
  7272 | D        | Noticed an ancient lich
  7272 | D        | Noticed an ancient lich
  7272 | D        | Noticed an ancient lich
  7272 | D        | Noticed an electric golem
  7272 | D        | Noticed an ancient lich
  7273 | D        | Noticed an orb of fire
  7277 | D        | Noticed an orb of fire
  7277 | D        | Killed an ancient lich
  7277 | D        | Killed an ancient lich
  7277 | D        | Killed an ancient lich
  7278 | D        | Killed an electric golem
  7280 | D        | Noticed an ancient lich
  7281 | D        | Killed an orb of fire
  7281 | D        | Killed an orb of fire
  7293 | D        | Killed an ancient lich
  7294 | D        | Killed an ancient lich
  7398 | D        | Noticed a golden dragon
  7428 | D        | Killed a golden dragon
  7589 | D        | Reached XP level 21. HP: 246/246 MP: 46/48
  7670 | D        | Got the Orb of Zot
  7708 | D        | Noticed Cualaam the pandemonium lord
  7737 | D        | Killed Cualaam the pandemonium lord
  8026 | D        | Noticed Wengiaro the pandemonium lord
  8128 | D        | Killed Wengiaro the pandemonium lord
  8392 | D        | Noticed Veixt the pandemonium lord
  8409 | D        | Killed Veixt the pandemonium lord
  8419 | D        | Noticed Iler the pandemonium lord
  8439 | D        | Killed Iler the pandemonium lord
  8470 | D        | Reached skill level 27 in Dodging
  9039 | D        | Noticed Ibbual the pandemonium lord
  9054 | D        | Killed Ibbual the pandemonium lord
  9054 | D        | Reached skill level 27 in Spellcasting
  9232 | D        | Noticed Yttinujipn the pandemonium lord
  9250 | D        | Killed Yttinujipn the pandemonium lord
  9262 | D        | Reached XP level 22. HP: 122/256 MP: 36/53
  9398 | D        | Gained mutation: Armour fits poorly on your strangely
                  | shaped body. [a cacodemon]
  9587 | D        | Escaped with the Orb!

Skill      XL: |  1  2  3  4  5  6  7  8  9 10 11 12 13 14 15 16 17 18 19 20 21 22 |
---------------+-------------------------------------------------------------------+-----
Axes           | 5 8 9 11 12 14 15 17 18 23 25 | 25.7
Fighting       | 4 5 7 8 9 10 11 12 13 15 17 19 21 23 26 27 | 27.0
Armour         | 4 5 6 7 8 9 10 11 12 14 15 17 19 22 25 27 | 27.0
Dodging        | 1 2 3 4 5 6 7 8 9 10 12 17 23 27 | 27.0
Shields        | 4 5 6 7 8 9 10 11 12 14 17 20 23 25 27 | 27.0
Invocations    | 3 5 8 10 12 14 16 19 21 24 27 | 27.0
Long Blades    | 1 5 6 9 11 13 14 | 14.0
Spellcasting   | 6 11 14 18 23 27 | 27.0
Evocations     | 6 19 27 | 27.0

Action                   |  1- 3 |  4- 6 |  7- 9 | 10-12 | 13-15 | 16-18 | 19-21 | 22-24 || total
-------------------------+-------+-------+-------+-------+-------+-------+-------+-------++-------
Melee: War axe           |    44 |       |       |       |       |       |       |       ||    44
       Broad axe         |       |    24 |    57 |   261 |   483 |   255 |   391 |    35 ||  1506
       Scimitar          |       |       |    10 |     9 |       |       |       |       ||    19
       Unarmed           |       |       |       |    15 |       |       |    38 |       ||    53
       Bite              |       |       |       |       |       |       |    39 |     6 ||    45
Invok: Disaster Area     |       |       |       |     8 |    21 |    23 |    19 |       ||    71
       Upheaval          |       |       |       |     1 |       |     1 |       |       ||     2
  Use: Potion            |     2 |       |       |     4 |     8 |       |     5 |     2 ||    21
       Scroll            |       |       |       |    10 |     5 |     2 |     1 |       ||    18
 Stab: Confused          |       |       |       |       |     1 |       |       |       ||     1
  Eat: Chunk             |       |       |     1 |     5 |     8 |     5 |     4 |       ||    23
       Ration            |       |       |       |       |       |       |     1 |     1 ||     2
Armor: Scale mail        |    13 |       |       |       |       |       |       |       ||    13
       Chain mail        |       |     4 |    20 |    42 |       |       |       |       ||    66
       Fire dragon scale |       |       |       |     5 |    98 |       |       |       ||   103
       Gold dragon scale |       |       |       |       |    68 |    43 |    70 |     4 ||   185
       Skin              |       |       |       |       |       |       |     9 |       ||     9
Dodge: Dodged            |    12 |     7 |    20 |    56 |    82 |    28 |    86 |     1 ||   292
       Deflected         |       |       |       |     1 |     4 |     4 |     7 |       ||    16
Block: Shield            |    16 |    11 |    55 |   155 |       |       |       |       ||   237
       Large shield      |       |       |       |    49 |   552 |   202 |   273 |    28 ||  1104
       Other             |       |       |       |     2 |       |       |    13 |       ||    15
       Rpst.: Scimitar   |       |       |       |     1 |       |       |       |       ||     1
